 Dungeon Crawl Stone Soup version 0.22-a0-305-gd21a89c538 (webtiles) character file.

475 Oravi the Slicer (level 7, 0/40 HPs)
             Began as a Kobold Hunter on Apr 1, 2018.
             Slain by an iguana (7 damage)
             ... on level 4 of the Dungeon.
             The game lasted 00:20:46 (5577 turns).

Oravi the Slicer (Kobold Hunter)                    Turns: 5577, Time: 00:20:47

Health: 0/40       AC:  6    Str: 12    XL:     7   Next: 32%
Magic:  7/7        EV: 13    Int: 12    God:
Gold:   175        SH:  0    Dex: 15    Spells: 6/6 levels left

rFire    . . .     SeeInvis .   b - +3 dagger
rCold    . . .     Gourm    .   (shield restricted)
rNeg     . . .     Faith    .   i - +0 ring mail
rPois    .         Spirit   .   (no helmet)
rElec    .         Reflect  .   (no cloak)
rCorr    +         Harm     .   (no gloves)
MR       .....                  k - +0 pair of boots
Stlth    +.........             (no amulet)
HPRegen  0.13/turn              m - ring of resist corrosion
MPRegen  0.10/turn              (no ring)

@: about to teleport
A: small, carnivore
a: no special abilities


You were on level 4 of the Dungeon.
You were completely stuffed.

You visited 1 branch of the dungeon, and saw 4 of its levels.
You also visited: Sewer.

You collected 175 gold pieces.

Inventory:

Hand Weapons
 a - a +2 hand crossbow
 b - a +3 dagger (weapon)
 o - a +0 short sword
 q - a +2 dagger of protection
 u - a +0 short sword of holy wrath
Missiles
 d - 72 bolts
Armour
 c - a +0 leather armour
 i - a +0 ring mail (worn)
 k - a +0 pair of boots (worn)
Jewellery
 m - a ring of resist corrosion (left hand)
Wands
 j - a wand of flame (24)
Scrolls
 e - 2 scrolls of enchant weapon
 g - a scroll of amnesia
 h - a scroll of magic mapping {unknown}
 l - a scroll of teleportation
 p - a scroll of identify
 r - a scroll of fog
 s - a scroll of enchant armour {unknown}
Potions
 n - a potion of curing
Comestibles
 f - 8 rations
 t - 5 chunks of flesh


   Skills:
 - Level 2.1 Fighting
 + Level 9.3 Short Blades
 - Level 4.8 Crossbows
 - Level 2.4 Dodging
 - Level 1.3 Stealth
 + Level 0.1 Evocations


You had 6 spell levels left.
You didn't know any spells.

Dungeon Overview and Level Annotations

Branches:
Dungeon (4/15)
 Temple: D:4-7

Altars:
Ashenzari
Kikubaaqudgha
Qazlal
Uskayaw
Vehumet
Zin
The Shining One

Annotations:
D:3 Oravi's ghost, amateur KoHu
D:4 Duvessa


Innate Abilities, Weirdness & Mutations

You are small and have problems with some larger weapons.
You are carnivorous and can eat meat at any time.


Message History

The iguana is heavily wounded.
The iguana bites you.
* * * LOW HITPOINT WARNING * * *
As you read the scroll of teleportation, it crumbles to dust.
You feel strangely unstable. The iguana barely misses you.
You hit the iguana.
The iguana is heavily wounded.
You hit the iguana but do no damage.
The iguana is heavily wounded.
The iguana misses you.
You hit the iguana.
The iguana is severely wounded.
The iguana bites you.
* * * LOW HITPOINT WARNING * * *
You barely miss the iguana.
The iguana is severely wounded.
You barely miss the iguana.
The iguana is severely wounded.
The iguana bites you!
You die...

#.#.#.#.......###[#
#............## ##.
#.#.#.#.....## #.
#.........### ##.
###......## ##..
#.....## ##..#
##.....# #...#
#......# #...#
#@###.## #...#
#l###.## ##.##
##e#....# #...
#.g..l..# ##...
#..#.#..# #....
g........ # ###.#.
#.##.####..# #...#.
# #. ..# #.#... ##
#.# #.#.#.


You could see Duvessa, an iguana and a gnoll.

Vanquished Creatures
  Purgy (Sewer)
  2 hounds (D:4)
  An orc priest (D:4)
  A gnoll shaman (D:4)
  An orc wizard (D:4)
  3 worker ants (D:4)
  2 gnolls (D:4)
  5 adders
  2 oozes
  An adder skeleton (D:4)
  A worm (D:2)
  5 leopard geckos
  10 orcs
  5 bats
  7 giant cockroaches
  6 hobgoblins
  7 jackals
  9 kobolds
  2 ball pythons
  5 frilled lizards
  8 goblins
  A jackal skeleton (D:4)
  8 rats
93 creatures vanquished.

Notes
Turn   | Place    | Note
-------+----------+-------------------------------------------
     0 | D:1      | Oravi the Kobold Hunter began the quest for the Orb.
     0 | D:1      | Reached XP level 1. HP: 12/12 MP: 1/1
   126 | D:1      | Reached skill level 1 in Short Blades
   429 | D:1      | Reached skill level 2 in Short Blades
   429 | D:1      | Reached XP level 2. HP: 17/17 MP: 2/2
   785 | D:2      | Noticed a hand axe
   786 | D:2      | Noticed a dagger
   802 | D:2      | Found a hide-covered altar of Uskayaw.
  1202 | D:2      | Reached skill level 3 in Short Blades
  1237 | D:2      | Reached XP level 3. HP: 6/21 MP: 3/3
  1526 | D:2      | Reached skill level 4 in Short Blades
  1582 | D:2      | Reached XP level 4. HP: 26/26 MP: 4/4
  1973 | D:3      | Found a glowing drain.
  2010 | D:3      | Reached skill level 5 in Short Blades
  2163 | Sewer    | Entered a sewer
  2267 | Sewer    | Noticed Purgy
  2279 | Sewer    | Killed Purgy
  2279 | Sewer    | Reached skill level 6 in Short Blades
  2279 | Sewer    | Reached XP level 5. HP: 10/30 MP: 5/5
  2841 | D:3      | Noticed Oravi's ghost (amateur KoHu)
  3339 | D:3      | Reached skill level 7 in Short Blades
  3339 | D:3      | Reached XP level 6. HP: 33/35 MP: 6/6
  4438 | D:4      | Reached skill level 8 in Short Blades
  5198 | D:4      | Reached XP level 7. HP: 21/40 MP: 7/7
  5364 | D:4      | Found a glowing silver altar of Zin.
  5369 | D:4      | Found a shattered altar of Ashenzari.
  5369 | D:4      | Found a stormy altar of Qazlal.
  5370 | D:4      | Found an ancient bone altar of Kikubaaqudgha.
  5370 | D:4      | Found a radiant altar of Vehumet.
  5370 | D:4      | Found a glowing golden altar of the Shining One.
  5532 | D:4      | Noticed Duvessa
  5549 | D:4      | Reached skill level 9 in Short Blades
  5577 | D:4      | Slain by an iguana

Vault maps used:
D:1:      roderic_crop_circles_arrival_small
D:2:      dancing_weapons_uskayaw, minmay_pentomino_v4
D:3:      kennysheep_big_flooded_room, portal_sewer_entry_f, first_ration,
          minmay_cupped
D:4:      grunt_temple_overflow_open, marbit_many_paths, serial_glass,
          glass_columns_c, glass_columns_b, minmay_strange_pillars,
          item_on_display_a, grunt_ministairs_6, minmay_misc_feat_columns,
          lemuel_blue_sif_altar, uniq_duvessa, uniq_edmund
Sewer:    kennysheep_door_sewer

Skill      XL: |  1  2  3  4  5  6  7 |
---------------+----------------------+-----
Short Blades   | 2 3 4 6 7 8 9 |  9.3
Fighting       | |  2.1
Crossbows      | |  4.8
Dodging        | |  2.4
Stealth        | |  1.3
Evocations     | |  0.1

Action                   |  1- 3 |  4- 6 |  7- 9 || total
-------------------------+-------+-------+-------++-------
Melee: Short sword       |    99 |       |       ||    99
       Dagger            |       |   265 |    95 ||   360
 Fire: Hand crossbow     |    10 |    19 |     5 ||    34
Evoke: Wand              |       |     1 |       ||     1
  Use: Scroll            |       |     6 |     1 ||     7
       Potion            |       |     4 |       ||     4
 Stab: Sleeping          |       |     2 |       ||     2
  Eat: Chunk             |    10 |     8 |     5 ||    23
Armor: Leather armour    |     3 |       |       ||     3
       Ring mail         |    19 |    76 |     9 ||   104
Dodge: Dodged            |    72 |   156 |    28 ||   256

Table legend:
 A = Spawn XP
 B = Non-spawn XP
 C = Spawn XP percentage of total XP
 D = Spawn monster count
 E = Non-spawn monster count
 F = Spawn count percentage of total count
 G = Total turns spent on level
                    A         B        C        D         E        F      G
               +---------+---------+-------+---------+---------+-------+---------
         Total |       0 |     679 |   0.0 |       0 |      93 |   0.0 |  5577
               +---------+---------+-------+---------+---------+-------+---------
           D:1 |       0 |      11 |   0.0 |       0 |       8 |   0.0 |   722
           D:2 |       0 |      74 |   0.0 |       0 |      25 |   0.0 |  1531
           D:3 |       0 |      94 |   0.0 |       0 |      29 |   0.0 |  1639
           D:4 |       0 |     373 |   0.0 |       0 |      25 |   0.0 |  1062
         Sewer |       0 |     127 |   0.0 |       0 |       6 |   0.0 |   623
               +---------+---------+-------+---------+---------+-------+---------
